 Dungeon Crawl Stone Soup version 0.30-b1-2-g02819fbbbe (webtiles) character file.

Game seed: 16353691581016748207

1299 dorian the Shield-Bearer (level 8, -5/46 (58) HPs)
             Began as a Formicid Fighter on May 17, 2023.
             Was a Priest of Uskayaw.
             Slain by a wight
             ... wielding a +1 great sword of flaming
              (8 damage)
             ... on level 6 of the Dungeon.
             The game lasted 00:07:54 (5392 turns).

dorian the Shield-Bearer (Formicid Fighter)         Turns: 5392, Time: 00:07:55

HP:   -5/46 (58)    AC: 13    Str: 27    XL:     8   Next: 87%
MP:   8/8           EV:  8    Int: 10    God:    Uskayaw [***...]
Gold: 250           SH:  6    Dex: 13    Spells: 7/7 levels left

rFire   . . .        a - +1 long sword (freeze)
rCold   . . .        c - +0 buckler
rNeg    . . .        e - +0 chain mail
rPois   .            (helmet unavailable)
rElec   .            j - +0 cloak
rCorr   .            (no gloves)
SInv    +            s - +1 pair of boots
Will    .....        p - amulet of the acrobat Stlth
                     q - ring of flight
HPRegen 0.27/turn    u - +6 ring of strength
MPRegen 0.11/turn

%: acrobat
@: flying, heavily drained
A: permanent stasis, dig shafts and tunnels, antennae 3, four strong arms
a: Dig, Shaft Self, Renounce Religion, Stomp, Line Pass


You were on level 6 of the Dungeon.
You worshipped Uskayaw.
Uskayaw was noncommittal.
You visited 1 branch of the dungeon, and saw 8 of its levels.

You collected 250 gold pieces.

Inventory:

Hand Weapons
 a - a +1 long sword of freezing (weapon)
 g - a +4 morningstar
 y - a +2 rapier of venom
Missiles
 t - a throwing net
Armour
 b - a +0 scale mail
 c - a +0 buckler (worn)
 e - a +0 chain mail (worn)
 j - a +0 cloak (worn)
 s - a +1 pair of boots (worn)
 z - a +2 leather armour of fire resistance
Jewellery
 p - an amulet of the acrobat (around neck)
 q - a ring of flight (left hand)
 u - a +6 ring of strength (right hand)
Wands
 o - a wand of mindburst (16)
Scrolls
 d - 3 scrolls of fear
 f - 2 scrolls of teleportation
 h - a scroll of torment
 i - a scroll of enchant weapon
 k - a scroll of fog
 v - 3 scrolls of amnesia
Potions
 l - a potion of brilliance
 m - a potion of attraction
 n - a potion of heal wounds
 r - 2 potions of degeneration
 w - a potion of flight
 A - a potion of haste {unknown}


   Skills:
 - Level 3.2 Fighting
 * Level 7.4 Long Blades
 + Level 6.4 Armour
 + Level 7.7 Shields


You had 7 spell levels left.
You didn't know any spells.
Your spell library contained the following spells:

 Spells                   Type           Power      Damage    Failure   Level
 Summon Small Mammal      Summ           0%         N/A       88%         1
 Scorch                   Fire           0%         2d5       95%         2
 Flame Wave               Conj/Fire      0%         2d4       100%        4
 Summon Cactus Giant      Summ           0%         N/A       100%        6


Dungeon Overview and Level Annotations

Branches:
Dungeon (8/15)
 Temple: D:4-7         Lair: D:8-11

Altars:
Gozag
Trog
Uskayaw
Vehumet
Zin
The Shining One


Innate Abilities, Weirdness & Mutations

You cannot be hasted, slowed, berserked, paralysed or teleported.
You can dig through walls and to a lower floor.
You have a pair of large antennae on your head. (SInv)
Your four strong arms can wield two-handed weapons with a shield.


Message History

You block the phantom's attack.
Uskayaw will force your foes to helplessly watch your dance.
Uskayaw prepares the audience for your solo!
The helpless phantom fails to defend itself.
You slash the phantom!
You destroy the phantom!
No target in view!
No target in view!
You see here a killer bee corpse.
The adder completely misses you.
You slash the adder!
The adder seems to slow down.
You freeze the adder.
You kill the adder!
Uskayaw will force your foes to helplessly watch your dance.
You barely miss the wight.
The wight hits you with a +1 great sword of flaming!
The wight burns you.
You are too injured to fight recklessly!
You are too injured to fight recklessly!
You are too injured to fight recklessly!
You closely miss the wight.
The wight hits you with a +1 great sword of flaming!
* * * LOW HITPOINT WARNING * * *
You feel drained. The wight burns you.
* * * LOW HITPOINT WARNING * * *
You closely miss the wight.
The wight hits you with a +1 great sword of flaming.
* * * LOW HITPOINT WARNING * * *
You feel drained.
* * * LOW HITPOINT WARNING * * *
The wight burns you.
* * * LOW HITPOINT WARNING * * *
Unknown command.
You are too injured to fight recklessly!
You slash the wight!
The wight is heavily damaged.
The wight closely misses you.
You hit the wight but do no damage.
The wight is heavily damaged.
The wight hits you with a +1 great sword of flaming!
You die...

........# ##
.......... .#
..........###.#
P............#.#
...............#
#........$P...#
##........zzP..#
.............{####
.............#{#@#
...........####z##
.........z.# ###
.........z.#
..........##
P..........[#
(...........#
............#
P...........#


You could see a wight.

Vanquished Creatures
  Grinder (D:4)
  Eustachio (D:5)
  An ogre (D:5)
  2 phantoms
  A scorpion (D:4)
  A wight (D:6)
  A killer bee (D:6)
  3 hounds (D:4)
  An orc priest (D:5)
  2 jellies
  An iguana (D:5)
  4 orc wizards
  Robin (D:3)
  10 gnolls
  5 adders
  2 worms
  5 dart slugs
  9 orcs
  4 endoplasms
  3 giant cockroaches
  12 goblins
  10 hobgoblins
  8 jackals
  7 quokkas
  5 ball pythons
  4 bats
  2 frilled lizards
  9 kobolds
  6 rats
121 creatures vanquished.

Vanquished Creatures (others)
  10 plants (D:6)
10 creatures vanquished.

Grand Total: 131 creatures vanquished

Notes
Turn   | Place    | Note
-------+----------+-------------------------------------------
     0 | D:1      | dorian the Formicid Fighter began the quest for the Orb.
     0 | D:1      | Reached XP level 1. HP: 18/18 MP: 1/1
    78 | D:1      | Reached XP level 2. HP: 14/24 MP: 2/2
   564 | D:1      | Reached XP level 3. HP: 29/29 MP: 3/3
  1192 | D:2      | Found a faded altar of an unknown god.
  1202 | D:2      | Got Plato's Elucidation of the Entourage
  1339 | D:2      | Reached XP level 4. HP: 34/35 MP: 4/4
  1712 | D:3      | Noticed Robin
  1818 | D:3      | Killed Robin
  1896 | D:3      | Found an opulent altar of Gozag.
  2211 | D:3      | Reached XP level 5. HP: 41/41 MP: 5/5
  2445 | D:4      | Reached skill level 5 in Shields
  2586 | D:4      | Noticed Grinder
  2602 | D:4      | HP: 2/41 [Grinder (4)]
  2606 | D:4      | Killed Grinder
  2607 | D:4      | Reached XP level 6. HP: 4/47 MP: 6/6
  2868 | D:4      | Reached skill level 5 in Long Blades
  2898 | D:4      | Reached XP level 7. HP: 38/52 MP: 7/7
  2959 | D:4      | Found a bloodstained altar of Trog.
  2981 | D:4      | Found a hide-covered altar of Uskayaw.
  2988 | D:4      | Found a glowing silver altar of Zin.
  2988 | D:4      | Found a radiant altar of Vehumet.
  3067 | D:4      | Reached skill level 5 in Armour
  3113 | D:4      | Became a worshipper of Uskayaw the Reveller
  3275 | D:4      | Reached * piety under Uskayaw
  3295 | D:4      | Reached ** piety under Uskayaw
  3303 | D:4      | Reached *** piety under Uskayaw
  3307 | D:4      | Reached **** piety under Uskayaw
  3773 | D:5      | Entered Level 5 of the Dungeon
  4083 | D:5      | Reached XP level 8. HP: 58/58 MP: 8/8
  4656 | D:5      | Noticed Eustachio
  4834 | D:5      | Killed Eustachio
  4999 | D:5      | Found a glowing golden altar of the Shining One.
  5160 | D:6      | You are sucked into a shaft and drop 2 floors!
  5215 | D:8      | Noticed a yak
  5267 | D:8      | Noticed a yak
  5390 | D:6      | HP: 2/46 [wight/+1 great sword of flaming (1)]
  5392 | D:6      | Slain by a wight

Illustrated notes

Levels and vault maps discovered:
D:1:      eino_arrival_tree_alley, layout_basic, chequers_decorated_corner,
          minmay_pentomino_r4
D:2:      layout_basic, shapermc_ecumenical_altar_rom_forum
D:3:      layout_basic, nicolae_gozag_cash_rules_everything_around_me,
          uniq_robin
D:4:      layout_rooms, mainiacjoe_overflow_six_doors_small, minitemple,
          minmay_fractal_squares_gapless_5, uniq_grinder
D:5:      layout_loops_ring, nicolae_tso_swordbearing_angel,
          hangedman_decor_clover_reticule, serial_park_tiny_2, glass_columns_a,
          uniq_eustachio
D:6:      layout_rooms, serial_bayou, serial_bayou_crossing,
          serial_bayou_ford_a, serial_bayou_lagoon_a, serial_bayou_pond_b,
          serial_park_tiny_1, uniq_prince_ribbit1, uniq_blork_the_orc
D:7:      layout_rooms, minmay_temple_entry_antechambers
D:8:      layout_layer_cave, fedhas_ov_isle_minmay,
          mainiacjoe_overflow_small_starburst, lemuel_crystal_altar

Skill      XL: |  1  2  3  4  5  6  7  8 |
---------------+-------------------------+-----
Long Blades    | 3 4 5 6 7 |  7.4
Armour         | 4 5 6 |  6.4
Shields        | 5 6 7 |  7.7
Fighting       | |  3.2

Action                     |  1- 3 |  4- 6 |  7- 9 || total
---------------------------+-------+-------+-------++-------
  Melee: Long sword        |   143 |   161 |   240 ||   544
 Invoke: Stomp             |       |       |     5 ||     5
Ability: Dig               |       |       |     2 ||     2
         Shaft Self        |       |       |     1 ||     1
  Evoke: Wand              |       |     2 |       ||     2
    Use: Scroll            |       |     7 |    11 ||    18
         Potion            |       |     1 |     3 ||     4
   Stab: Paralysed         |       |       |     3 ||     3
 Armour: Scale mail        |    63 |    78 |    36 ||   177
         Chain mail        |       |       |    84 ||    84
  Dodge: Dodged            |    53 |    69 |   117 ||   239
  Block: Buckler           |    42 |    55 |    76 ||   173
